Map: Port Aleksander LE

Players

Itsudka

  • Race: Protoss Protoss
  • Spawn Location: 5:00

Throwfordays - Winner!

  • Race: Protoss Protoss
  • League: Bronze
  • Spawn Location: 11:00

VOD

Have the link to the VOD?

Description

Time

  • Played on: Jan. 23, 2019, 10:04 p.m.
  • Length: 6:52
Show
View Real Time Build Order
Export as new Build Order

Itsudka Protoss 

Build Orders: Double Forge 

Get SALT Encoding   

  12  0:11  Probe  
  13  0:19  Probe  
  13  0:28  Probe  
  14  0:32  Pylon  
  15  0:36  Pylon  
  15  0:50  Probe  
  16  1:19  Gateway  
  16  1:20  Gateway  
  16  1:21  Probe  
  16  1:23  Gateway  
  17  1:29  Probe  
  17  1:38  Probe  
  17  1:39  Assimilator  
  18  1:45  Assimilator  
  19  1:56  Probe  
  20  2:08  Probe  
  21  2:16  Probe  
  22  2:24  Probe  
  23  2:34  Pylon  
  23  2:36  Pylon  
  23  2:39  Pylon  
  23  2:45  Cybernetics Core  
  23  2:57  Pylon  
  23  3:00  Pylon  
  23  3:04  Pylon  
  23  3:07  Pylon  
  23  3:27  Forge, Zealot  
  23  3:30  Forge  
  23  3:34  Forge  
  23  3:35  Zealot x2  
  29  4:15  Zealot x3  
  35  4:23  Twilight Council  
  35  4:40  Protoss Ground Weapons Level 1  
  35  4:42  Zealot  
  35  4:43  Protoss Shields Level 1  
  37  4:46  Zealot x2  
  41  5:01  Charge  
  41  5:14  Probe  
  42  5:22  Probe  
  43  5:32  Probe  
  44  5:44  Probe  
  44  5:49  Zealot x3  
  51  6:11  Nexus  
Show
View Real Time Build Order
Export as new Build Order

Throwfordays Protoss - Winner!

Build Orders:  

Get SALT Encoding   

  12  0:00  Probe  
  13  0:13  Probe  
  14  0:20  Pylon  
  14  0:33  Probe  
  15  0:40  Gateway  
  15  0:45  Probe  
  16  0:57  Probe  
  16  1:00  Assimilator  
  17  1:09  Probe  
  18  1:21  Probe  
  19  1:27  Cybernetics Core  
  19  1:33  Zealot, Probe  
  19  1:34  Pylon  
  19  1:39  Warp Gate  
  22  2:04  Zealot  
  24  2:12  Pylon  
  24  2:15  Nexus  
  24  2:25  Gateway  
  24  2:35  Assimilator  
  24  2:38  Adept  
  26  2:54  Probe  
  27  2:59  Gateway  
  27  3:08  Adept  
  29  3:13  Gateway  
  29  3:24  Pylon  
  29  3:27  Probe  
  30  3:39  Probe  
  30  3:40  Probe  
  32  3:51  Probe  
  32  3:52  Probe  
  34  3:55  Adept  
  34  4:01  Adept  
  38  4:03  Probe  
  38  4:04  Probe  
  38  4:09  Adept  
  42  4:15  Probe  
  43  4:21  Twilight Council  
  43  4:23  Probe  
  44  4:27  Probe  
  45  4:35  Probe  
  46  4:39  Probe  
  47  4:47  Resonating Glaives, Probe  
  47  4:49  Adept  
  47  4:52  Probe  
  51  4:54  Adept  
  51  4:59  Adept, Probe  
  56  5:04  Probe  
  56  5:06  Pylon  
  57  5:11  Probe  
  57  5:13  Pylon  
  58  5:16  Probe  
  59  5:27  Stalker x3  
  59  5:28  Probe  
  66  5:31  Stalker  
  68  5:40  Gateway  
  68  5:43  Gateway  
  68  5:57  Pylon  
  68  6:15  Stalker x4  
  76  6:34  Pylon  
Tags
 
League
Bronze
Matchup
PvP
Replay Pack
Multiplayer
Spawn Locations
Cross Positions
Add a new tag
Caveats
  • Supply blocks, unpowered buildings, or Contaminate may cause inaccurate times.
  • Supply counts are checked every 10 seconds.